 Dungeon Crawl Stone Soup version 0.32-a0-39-g5c88369fb2 (console) character file.

Game seed: 7379259244641182050

511 aitbits the Slasher (level 6, -2/48 HPs)
             Began as a Demonspawn Gladiator on Feb 6, 2024.
             Slain by Blork the orc
             ... wielding a +0 scimitar
              (8 damage)
             ... while paralysed by Grinder
             ... on level 4 of the Dungeon.
             The game lasted 00:09:17 (2490 turns).

aitbits the Slasher (Demonspawn Gladiator)          Turns: 2490, Time: 00:09:17

Health: -2/48      AC:  6    Str: 16    XL:     6   Next: 99%
Magic:  6/6        EV:  2    Int:  8    God:
Gold:   183        SH:  0    Dex: 21    Spells: 5/5 levels left

rFire   x . .        a - +1 long sword (venom)
rCold   + . .        (no shield)
rNeg    + + .        b - +0 leather armour
rPois   .            c - +0 helmet
rElec   .            (no cloak)
rCorr   .            n - +1 pair of gloves {Stlth+}
SInv    .            (no boots)
Will    .....        (no amulet)
Stlth   +++          h - ring "Saonow" {rF- rC+ rN+ Dex+6}
HPRegen 0.28/turn    p - ring of positive energy
MPRegen 0.10/turn

%: no passive effects
@: paralysed
A: hooves 1, condensation shield, demonic touch 1
a: no special abilities


You were on level 4 of the Dungeon.
You visited 1 branch of the dungeon, and saw 4 of its levels.

You collected 183 gold pieces.

Inventory:

Hand Weapons
 a - a +1 long sword of venom (weapon)
Missiles
 d - 2 throwing nets (quivered)
 e - 6 javelins
Armour
 b - a +0 leather armour (worn)
 c - a +0 helmet (worn)
 g - a +0 buckler
 m - an orb of wrath
 n - a +1 pair of gloves of stealth (worn)
Jewellery
 h - the ring "Saonow" (left hand) {rF- rC+ rN+ Dex+6}
   (You acquired it on level 1 of the Dungeon)

   [ring of protection from cold]

   Dex+6:     It affects your dexterity (+6).
   rF-:       It makes you vulnerable to fire.
   rC+:       It protects you from cold.
   rN+:       It protects you from negative energy.
 p - a ring of positive energy (right hand)
Scrolls
 l - a scroll of enchant weapon
 q - 5 scrolls of noise
Potions
 f - a potion of degeneration {unknown}
 i - a potion of mutation {unknown}
 j - a potion of haste {unknown}
 k - 3 potions of might {unknown}
 o - a potion of curing {unknown}
 s - a potion of resistance {unknown}


   Skills:
 + Level 3.9 Fighting
 + Level 4.7 Long Blades
 + Level 1.8 Throwing
 + Level 1.6 Armour
 + Level 3.9 Dodging
 + Level 2.0 Stealth
 + Level 1.3 Shields


You had 5 spell levels left.
You didn't know any spells.
Your spell library contained the following spells:

 Spells                   Type           Power      Damage    Failure   Level
 Necrotise                Necr           0%         1d4       47%         1
 Summon Small Mammal      Summ           0%         N/A       47%         1
 Jinxbite                 Hex            0%         N/A       63%         2
 Call Canine Familiar     Summ           0%         N/A       85%         3
 Vampiric Draining        Necr           0%         2d6       85%         3
 Martyr's Knell           Necr/Summ      0%         N/A       99%         4
 Summon Blazeheart Golem  Fire/Summ      0%         N/A       99%         4
 Curse of Agony           Necr           0%         N/A       100%        5
 Yara's Violent Unravell  Hex/Alch       0%         3d3       100%        5
 Enfeeble                 Hex            0%         N/A       100%        7


Dungeon Overview and Level Annotations

Branches:
Dungeon (4/15)
 Temple: D:4-7

Altars:

Annotations:
D:4 Blork the orc, Grinder


Innate Abilities, Weirdness & Mutations

You have large cloven feet.
A meltable shield of frost defends you. (SH +4)
Your touch may inflict minor irresistible damage on your foes.


Message History

Blork the orc shouts!
You slash Grinder! Your kick misses Grinder.
You touch Grinder!
Grinder is severely wounded.
Grinder hits you.
You completely miss Grinder. Your kick misses Grinder.
Your touch misses Grinder.
Grinder is severely wounded.
Grinder misses you.
You hit Grinder but do no damage. You kick Grinder.
Grinder is severely wounded.
Grinder gestures at you.
You barely resist. You block Grinder's attack.
You hit Grinder but do no damage. You kick Grinder.
You touch Grinder!
Grinder is almost dead.
Blork the orc grins evilly.
Grinder blinks!
Grinder blinks!
You barely miss Grinder. Your kick misses Grinder. Your touch misses Grinder.
Grinder is almost dead.
You block Blork the orc's attack.
Grinder blinks!
Blork the orc hits you with a +0 scimitar.
You slash Blork the orc!
Blork the orc looks as sick as possible!
Your kick misses Blork the orc. Your punch misses Blork the orc.
Blork the orc is moderately wounded.
Blork the orc hits you with a +0 scimitar!
Grinder gestures at you. Pain shoots through your body!
You barely miss Blork the orc.
Blork the orc is moderately wounded.
Blork the orc misses you.
Blork the orc hits you with a +0 scimitar!
* * * LOW HITPOINT WARNING * * *
You closely miss Blork the orc.
You touch Blork the orc.
Blork the orc is severely wounded.
Grinder gestures at you.
You suddenly lose the ability to move!
Blork the orc hits you with a +0 scimitar.
* * * LOW HITPOINT WARNING * * *
Blork the orc hits you with a +0 scimitar!
You die...

#.#..# .. #.#<.# .#
.... #.##.#..#
....#####+#.......#
......†....###.#.##
...........+ ....#
...^....)..# #####
+#.........+
#......<).#####
#.......)....<#.#
+...5..@.........
#.$.....o##.##.#.
#.............
##+#####.##.#...
#.. #.##. #.## #..
...


You could see Grinder (poisoned) and Blork the orc (very poisoned).

Vanquished Creatures
  Sigmund (D:2)
  The ghost of YordlordTheGreat the Cudgeller, an amateur HuCA of Ignis (D:3)
  A bullfrog (D:3)
  A scorpion (D:4)
  4 gnolls (D:3)
  4 adders
  A shadow imp (D:3)
  A dart slug (D:3)
  A ribbon worm (D:2)
  2 orcs (D:3)
  8 bats
  6 endoplasms
  5 giant cockroaches
  9 goblins
  4 hobgoblins
  4 jackals (D:1)
  3 quokkas
  6 ball pythons
  A frilled lizard (D:2)
  3 kobolds
  2 rats
68 creatures vanquished.

Notes
Turn   | Place    | Note
-------+----------+-------------------------------------------
     0 | D:1      | aitbits the Demonspawn Gladiator began the quest for the
                  | Orb.
     0 | D:1      | Reached XP level 1. HP: 16/16 MP: 1/1
   100 | D:1      | Discovered your monstrous ancestry.
   100 | D:1      | Gained mutation: Your touch may inflict minor irresistible
                  | damage on your foes. [demonic ancestry]
   100 | D:1      | Reached XP level 2. HP: 14/22 MP: 2/2
   250 | D:1      | Reached skill level 3 in Long Blades
   322 | D:1      | Identified a scroll of acquirement
   322 | D:1      | Acquired the ring "Saonow" {rF- rC+ rN+ Dex+6}
   672 | D:1      | Reached XP level 3. HP: 27/27 MP: 3/3
  1028 | D:2      | Noticed Sigmund
  1045 | D:2      | Killed Sigmund
  1046 | D:2      | Reached skill level 4 in Long Blades
  1046 | D:2      | Reached skill level 1 in Armour
  1046 | D:2      | Reached skill level 1 in Stealth
  1046 | D:2      | Gained mutation: You have large cloven feet. [demonic
                  | ancestry]
  1046 | D:2      | Reached XP level 4. HP: 26/35 MP: 4/4
  1046 | D:2      | Gained mutation: A meltable shield of frost defends you.
                  | (SH +4) [demonic ancestry]
  1046 | D:2      | Reached XP level 5. HP: 30/41 MP: 5/5
  1746 | D:3      | Reached skill level 1 in Shields
  1746 | D:3      | Reached XP level 6. HP: 37/47 MP: 6/6
  2021 | D:3      | Found a runed translucent door.
  2021 | D:3      | Noticed YordlordTheGreat's ghost (amateur HuCA)
  2054 | D:3      | Killed YordlordTheGreat's ghost
  2474 | D:4      | Noticed Grinder
  2479 | D:4      | Noticed Blork the orc
  2489 | D:4      | Paralysed by Grinder for 5 turns
  2490 | D:4      | Slain by Blork the orc

Illustrated notes

Levels and vault maps discovered:
D:1:      dpeg_arrival_ternary, layout_basic, minmay_splitting_lines,
          minmay_misc_feat_rugged, nrook_mini_backslash, reono_crystal_passage,
          hangedman_glass_teeth, kennysheep_pointless_box, serial_park_tiny_2
D:2:      layout_loops_ring, uniq_sigmund
D:3:      layout_loops_ring, hellmonk_ghost_happy_afterlife
D:4:      layout_basic, minmay_temple_entry_ruins, uniq_grinder,
          uniq_crazy_yiuf_cottage, uniq_blork_the_orc

Skill      XL: |  1  2  3  4  5  6 |
---------------+-------------------+-----
Dodging        | 3 |  3.9
Long Blades    | 3 4 |  4.7
Fighting       | 3 |  3.9
Armour         | 1 |  1.6
Stealth        | 1 2 |  2.0
Shields        | 1 |  1.3
Throwing       | |  1.8

Action                     |  1- 3 |  4- 6 || total
---------------------------+-------+-------++-------
  Melee: Long sword        |    89 |    96 ||   185
         Touch             |     6 |    15 ||    21
         Kick              |       |    36 ||    36
         Punch             |       |     1 ||     1
  Throw: Throwing net      |     1 |       ||     1
    Use: Scroll            |     1 |     6 ||     7
   Stab: Sleeping          |     2 |     5 ||     7
         Distracted        |     1 |       ||     1
         Held in net/web   |     1 |       ||     1
 Armour: Leather armour    |    45 |    40 ||    85
  Dodge: Dodged            |    76 |    71 ||   147
  Block: Buckler           |     5 |       ||     5
         Other             |       |    15 ||    15

Table legend: (Time is in decaauts)
 A = Elapsed time spent in this place.
 B = Non-inter-level travel time spent in this place.
 C = Inter-level travel time spent in this place.
 D = Time resting spent in this place.
 E = Time spent auto-exploring this place.
 F = Levels seen in this place.
 G = Mean time per level.
                   A        B        C        D        E       F      G
               +--------+--------+--------+--------+--------+-----+--------+
         Total |   2528 |   2447 |     81 |      0 |   1896 |   4 |  632.0 |
       Dungeon |   2528 |   2447 |     81 |      0 |   1896 |   4 |  632.0 |
               +--------+--------+--------+--------+--------+-----+--------+

Top non-repeatable levels by time:
     D:1: 893 daAuts
     D:2: 810 daAuts
     D:3: 779 daAuts
     D:4: 46 daAuts
